 Dungeon Sprint DCSS version 0.22-a0-76-gd698a02 (webtiles) character file.

29834 Kidiri the Warrior (level 13, -7/134 HPs)
             Began as a Minotaur Fighter on Jan 14, 2018.
             Was a High Priest of Okawaru.
             Killed from afar by an ancient lich (61 damage)
             ... with a bolt of fire
             ... in the Dungeon (Sprint VII: "The Pits").
             The game lasted 00:21:29 (3239 turns).

Kidiri the Warrior (Minotaur Fighter)               Turns: 3239, Time: 00:21:30

Health: -7/134     AC: 36    Str: 29    XL:     13   Next: 17%
Magic:  12/18      EV: 22    Int:  5    God:    Okawaru [*****.]
Gold:   21         SH: 18    Dex: 10    Spells: 12/12 levels left

rFire    . . .     SeeInvis .   I - +3 long sword "Yliequ" {slice, +Rage rElec rC+++ Stlth-}
rCold    + + +     Gourm    .   c - +1 shield {AC+3}
rNeg     . . .     Faith    .   b - +1 crystal plate armour
rPois    .         Spirit   .   (helmet restricted)
rElec    +         Reflect  .   v - +0 cloak
rCorr    .         Harm     .   u - +0 pair of gloves
MR       .....     Clarity  +   (no boots) Stlth ..........NoTele +
                                (no amulet)
HPRegen  0.32/turn              q - ring of Phasing {EV+8}
MPRegen  0.16/turn              s - +3 ring of strength

@: heroism, finesse
A: retaliatory headbutt, horns 2, clarity, evolution 2
a: Heroism, Finesse, Renounce Religion, Evoke Berserk Rage


You were in the Dungeon.
You worshipped Okawaru.
Okawaru was extremely pleased with you.
You were not hungry.

You visited 1 branch You collected 21 gold pieces.

Inventory:

Hand Weapons
 I - the +3 long sword "Yliequ" (weapon) {slice, +Rage rElec rC+++ Stlth-}
   (You found it in the Dungeon)

   It inflicts extra damage upon your enemies.
   It renders you almost immune to cold.
   It insulates you from electricity.
   It lets you go berserk.
   It makes you less stealthy.
Missiles
 x - a tomahawk of returning
 y - 5 poisoned javelins
 K - 8 javelins of penetration (quivered)
Armour
 b - a +1 crystal plate armour (worn)
 c - a +1 shield of protection (worn)
 u - a +0 pair of gloves (worn)
 v - a +0 cloak (worn)
Jewellery
 a - an uncursed ring of fire
 q - the ring of Phasing (left hand) {EV+8}
   (You found it in the Dungeon)

   [ring of evasion]

   It affects your evasion (+8).
 r - a +3 ring of evasion
 s - a +3 ring of strength (right hand)
 w - an uncursed ring of stealth
 z - an uncursed ring of positive energy
 G - a +6 ring of slaying
 H - an uncursed ring of protection from fire
 L - a ring of the Octopus King {rCorr AC+1 EV+1 Str+1 Int+1 Dex+1}
   (You found it in the Dungeon)

   [ring of resist corrosion]

   It affects your AC (+1).
   It affects your evasion (+1).
   It affects your strength (+1).
   It affects your intelligence (+1).
   It affects your dexterity (+1).
Scrolls
 k - a scroll of blinking
 m - 3 scrolls of remove curse
 n - 5 scrolls of amnesia
 o - a scroll of summoning
 B - 2 scrolls of fear
 C - 2 scrolls of enchant weapon
 D - 2 scrolls of fog
 E - 5 scrolls of enchant armour
 F - a scroll of identify
Potions
 d - a potion of might
 e - 13 potions of curing
 g - 4 potions of heal wounds
 h - a potion of haste
 i - 4 potions of magic
 j - 4 potions of berserk rage
 l - 2 potions of invisibility
 t - 4 potions of brilliance
 A - 3 potions of agility
Comestibles
 f - 11 rations
 p - 27 chunks of flesh


   Skills:
 * Level 17.9(22.9) Fighting
 * Level 17.7(22.7) Long Blades
 + Level 11.2(16.2) Throwing
 * Level 17.8(22.8) Armour
 + Level 12.1(17.1) Dodging
 * Level 17.8(22.8) Shields
 + Level 8.6 Invocations


You had 12 spell levels left.
You didn't know any spells.

Dungeon Overview and Level Annotations

Branches:
Dungeon (1/1)

Altars:
Ashenzari
Cheibriados
Dithmenos
Elyvilon
Fedhas
Gozag
Hepliaklqana
Kikubaaqudgha
Makhleb
Nemelex Xobeh
Okawaru
Qazlal
Ru
Sif Muna
Trog
Uskayaw
Vehumet
Wu Jian
Xom
Yredelemnul
Zin
The Shining One
Beogh
Jiyva
Lugonu

Annotations:
D exclusions: 10 doors and 8 more exclusions


Innate Abilities, Weirdness & Mutations

You reflexively headbutt those who attack you in melee.
You have a pair of horns on your head.
You possess an exceptional clarity of mind.
You rapidly evolve.


Message History

The ancient lich is almost destroyed.
The ancient lich touches you but does no damage.
You hit the ancient lich but do no damage.
The ancient lich is almost destroyed.
Your crystal plate armour prevents you from hitting the ancient lich.
The ancient lich is almost destroyed.
You hit the ancient lich but do no damage.
You headbutt the ancient lich.
The ancient lich is almost destroyed.
The ancient lich points at you and mumbles some strange words.
The bolt of fire misses you.
You hit the ancient lich.
The ancient lich is almost destroyed.
You hit the ancient lich.
The ancient lich is almost destroyed.
You closely miss the ancient lich.
The ancient lich is almost destroyed.
The ancient lich gestures at you while chanting.
The bolt of fire hits you!
You die...

,'<<',,',,',,* *,*
'*''*''*''*''* *+*
,',,',,',,',,* *,*
,',,',,',,',,* *+*
'*''*''*''*''* *,*
<',,',,',,',,* #+#
<',,',,',,',,* #.#
************** #L#
################@#
.................#
.................#
+##############[.#
,,,,*,,+,,,+,,#).#
,,,,*,,*,,,*,,#..#
,*******,,,***#..#
,,,,*,,,,,,,,,#..#
,,,,,,,,,,,,,,#..#


You could see an ancient lich.

Vanquished Creatures
  A sphinx (D)
  A storm dragon (D)
  An emperor scorpion (D)
  An ophan (D)
  A green death (D)
  A fire dragon (D)
  A naga warrior (D)
  3 hydras (D)
  An anaconda (D)
  A death yak (D)
  A merfolk aquamancer (D)
  A naga sharpshooter (D)
  An orc high priest (D)
  A shadow wraith (D)
  2 flayed ghosts (D)
  An unseen horror (D)
  A deep troll (D)
  A lindwurm (D)
  An orc knight (D)
  A wolf spider (D)
  2 deep elf magi (D)
  An elephant (D)
  A black mamba (D)
  A rust devil (D)
  A molten gargoyle (D)
  A smoke demon (D)
  An eye of devastation (D)
  A spiny frog (D)
  A rime drake (D)
  A hellwing (D)
  A yaktaur (D)
  A freezing wraith (D)
  A red devil (D)
  2 merfolk (D)
  A hornet (D)
  A wind drake (D)
  3 blink frogs (D)
  A bog body (D)
  10 dream sheep (D)
  An air elemental (D)
  A ynoxinul (D)
  A redback (D)
  A shadow (D)
  A wraith (D)
  2 water elementals (D)
  A spriggan (D)
  9 yaks (D)
  A hungry ghost (D)
  2 steam dragons (D)
  Edmund (D)
  2 nagas (D)
  2 wargs (D)
  A water moccasin (D)
  5 orc warriors (D)
  A swamp drake (D)
  A phantom (D)
  2 floating eyes (D)
  A porcupine (D)
  2 black bears (D)
  A small abomination (D)
  A centaur (D)
  A crocodile (D)
  2 big kobolds (D)
  20 killer bees (D)
  A jelly (D)
  2 orc priests (D)
  An iron imp (D)
  An orc wizard (D)
  2 worker ants (D)
  A hell rat (D)
  A mummy (D)
  An adder (D)
  A gnoll (D)
  A river rat (D)
  An ufetubus (D)
  An ooze (D)
  An adder skeleton (D)
  A worm (D)
  2 leopard geckos (D)
  6 orcs (D)
  A ball python (D)
  A bat zombie (D)
  A giant cockroach (D)
  2 hobgoblins (D)
  3 frilled lizards (D)
  A giant cockroach zombie (D)
  A leopard gecko zombie (D)
152 creatures vanquished.

Vanquished Creatures (others)
  An anaconda (D)
  A killer bee (D)
  An orc wizard (D)
3 creatures vanquished.

Grand Total: 155 creatures vanquished

Notes
Turn   | Place    | Note
-------+----------+-------------------------------------------
     0 | D        | Kidiri the Minotaur Fighter began the quest for the Orb.
     0 | D        | Reached XP level 1. HP: 19/19 MP: 0/0
    24 | D        | Noticed a floating eye
    25 | D        | Paralysed by a floating eye for 3 turns
    28 | D        | Killed a floating eye
    28 | D        | Reached skill level 5 in Fighting
    28 | D        | Reached skill level 5 in Long Blades
    28 | D        | Reached skill level 5 in Armour
    28 | D        | Reached skill level 5 in Shields
    28 | D        | Reached XP level 2. HP: 30/30 MP: 1/1
    28 | D        | Reached XP level 3. HP: 37/37 MP: 2/2
    28 | D        | Reached XP level 4. HP: 44/44 MP: 3/3
    62 | D        | Found a bloodstained altar of Trog.
    62 | D        | Found a deep blue altar of Sif Muna.
    62 | D        | Found a viscous altar of Jiyva.
    62 | D        | Found a hazy altar of Hepliaklqana.
    62 | D        | Found an opulent altar of Gozag.
    63 | D        | Found a glowing golden altar of the Shining One.
    63 | D        | Found a glowing silver altar of Zin.
    63 | D        | Found a basalt altar of Yredelemnul.
    63 | D        | Found a shimmering altar of Xom.
    63 | D        | Found an ornate altar of the Wu Jian Council.
    63 | D        | Found a sacrificial altar of Ru.
    63 | D        | Found a stormy altar of Qazlal.
    63 | D        | Found an iron altar of Okawaru.
    63 | D        | Found a sparkling altar of Nemelex Xobeh.
    63 | D        | Found a burning altar of Makhleb.
    63 | D        | Found a blossoming altar of Fedhas.
    63 | D        | Found a white marble altar of Elyvilon.
    63 | D        | Found a shadowy altar of Dithmenos.
    63 | D        | Found a snail-covered altar of Cheibriados.
    65 | D        | Found a radiant altar of Vehumet.
    65 | D        | Found a corrupted altar of Lugonu.
    65 | D        | Found a roughly hewn altar of Beogh.
    66 | D        | Found a hide-covered altar of Uskayaw.
    66 | D        | Found an ancient bone altar of Kikubaaqudgha.
    66 | D        | Found a shattered altar of Ashenzari.
    73 | D        | Became a worshipper of Warmaster Okawaru
   199 | D        | Noticed a floating eye
   205 | D        | Paralysed by a floating eye for 2 turns
   209 | D        | Paralysed by a floating eye for 3 turns
   213 | D        | Killed a floating eye
   213 | D        | Reached XP level 5. HP: 52/52 MP: 4/4
   310 | D        | Noticed a water moccasin
   320 | D        | Killed a water moccasin
   320 | D        | Reached * piety under Okawaru
   320 | D        | Reached XP level 6. HP: 61/61 MP: 5/5
   385 | D        | Noticed a porcupine
   397 | D        | Killed a porcupine
   424 | D        | Noticed Edmund
   435 | D        | Killed Edmund
   435 | D        | Reached skill level 5 in Dodging
   435 | D        | Reached XP level 7. HP: 70/70 MP: 3/6
   461 | D        | Noticed a hungry ghost
   465 | D        | Killed a hungry ghost
   483 | D        | Noticed a redback
   490 | D        | Killed a redback
   490 | D        | Reached ** piety under Okawaru
   490 | D        | Reached skill level 5 in Throwing
   541 | D        | Noticed a wolf spider
   553 | D        | Killed a wolf spider
   553 | D        | Reached *** piety under Okawaru
   553 | D        | Reached skill level 10 in Fighting
   553 | D        | Reached skill level 10 in Long Blades
   553 | D        | Reached skill level 10 in Armour
   553 | D        | Reached skill level 10 in Shields
   553 | D        | Reached XP level 8. HP: 49/80 MP: 5/7
   734 | D        | Noticed an elephant
   771 | D        | Killed an elephant
   776 | D        | Reached XP level 9. HP: 74/89 MP: 8/8
   839 | D        | Noticed a hellwing
   839 | D        | Noticed a death yak
   839 | D        | Noticed a molten gargoyle
   851 | D        | Killed a hellwing
   864 | D        | Killed a death yak
   864 | D        | Reached **** piety under Okawaru
   869 | D        | Killed a molten gargoyle
   873 | D        | Received a gift from Okawaru
   874 | D        | Reached ***** piety under Okawaru
   885 | D        | Reached XP level 10. HP: 35/100 MP: 5/9
   887 | D        | Reached skill level 1 in Invocations
  1144 | D        | Noticed a flayed ghost
  1154 | D        | Killed a flayed ghost
  1154 | D        | Received a gift from Okawaru
  1173 | D        | Killed a shadow wraith
  1405 | D        | Noticed a naga warrior
  1414 | D        | Killed an unseen horror
  1414 | D        | Received a gift from Okawaru
  1432 | D        | Killed a naga warrior
  1432 | D        | Received a gift from Okawaru
  1447 | D        | Noticed a flayed ghost
  1449 | D        | Noticed a naga sharpshooter
  1452 | D        | Noticed a lindwurm
  1457 | D        | Killed a flayed ghost
  1471 | D        | Killed a naga sharpshooter
  1471 | D        | Reached XP level 11. HP: 95/110 MP: 12/12
  1492 | D        | Killed a lindwurm
  1633 | D        | Noticed a deep elf mage
  1649 | D        | Killed a deep elf mage
  1649 | D        | Received a gift from Okawaru
  1770 | D        | Noticed a green death
  1800 | D        | Killed a green death
  1800 | D        | Received a gift from Okawaru
  1800 | D        | Reached skill level 5 in Invocations
  1803 | D        | Reached skill level 15 in Fighting
  1803 | D        | Reached skill level 15 in Armour
  1803 | D        | Reached skill level 10 in Dodging
  1803 | D        | Reached skill level 15 in Shields
  1815 | D        | Reached skill level 15 in Long Blades
  2022 | D        | Found the +4 skin of Zhor {rC+++}
  2123 | D        | Noticed an orc high priest
  2145 | D        | Killed an orc high priest
  2244 | D        | Noticed an anaconda
  2256 | D        | Killed an anaconda
  2321 | D        | Noticed a five-headed hydra
  2336 | D        | Killed a seven-headed hydra
  2336 | D        | Received a gift from Okawaru
  2336 | D        | Reached XP level 12. HP: 122/122 MP: 7/15
  2618 | D        | Noticed a sphinx
  2618 | D        | Noticed a storm dragon
  2618 | D        | Noticed a merfolk aquamancer
  2619 | D        | Found the ring of Phasing {EV+8}
  2624 | D        | Reached skill level 10 in Throwing
  2638 | D        | Killed a storm dragon
  2638 | D        | Received a gift from Okawaru
  2645 | D        | Killed a sphinx
  2656 | D        | Killed a merfolk aquamancer
  2686 | D        | Received a gift from Okawaru
  2705 | D        | Got the +3 long sword "Yliequ" {slice, +Rage rElec rC+++ Stlth-}
  2964 | D        | Noticed a fire dragon
  2964 | D        | Noticed an emperor scorpion
  2965 | D        | Noticed an ophan
  2965 | D        | Noticed a seven-headed hydra
  2977 | D        | Killed an ophan
  2978 | D        | Noticed a four-headed hydra
  2990 | D        | Killed a 12-headed hydra
  2999 | D        | Killed a fire dragon
  3012 | D        | Killed an eight-headed hydra
  3016 | D        | Noticed an anaconda
  3024 | D        | Killed an anaconda
  3024 | D        | Reached XP level 13. HP: 66/133 MP: 8/18
  3065 | D        | Killed an emperor scorpion
  3078 | D        | Found the ring of the Octopus King {rCorr AC+1 EV+1 Str+1 Int+1 Dex+1}
  3112 | D        | Got a ring of the Octopus King {rCorr AC+1 EV+1 Str+1 Int+1 Dex+1}
  3145 | D        | Gained mutation: You evolve. [potion of mutation]
  3145 | D        | Gained mutation: You rapidly evolve. [potion of mutation]
  3145 | D        | Gained mutation: You possess an exceptional clarity of mind. [potion of mutation]
  3217 | D        | Noticed an ancient lich
  3239 | D        | Killed from afar by an ancient lich

Vault maps used:
D:        pitsprint

Skill      XL: |  1  2  3  4  5  6  7  8  9 10 11 12 13 |
---------------+----------------------------------------+-----
Fighting       | 5 7 8 9 10 11 12 14 15 17 | 17.9
Long Blades    | 5 6 7 8 10 11 12 14 15 17 | 17.7
Throwing       | 2 3 4 5 6 7 8 9 11 | 11.2
Armour         | 5 7 8 9 10 11 12 14 15 17 | 17.8
Dodging        | 2 3 4 5 6 8 9 10 11 12 | 12.1
Shields        | 5 7 8 10 11 12 14 15 17 | 17.8
Invocations    | 3 6 8 |  8.6

Action                   |  1- 3 |  4- 6 |  7- 9 | 10-12 | 13-15 || total
-------------------------+-------+-------+-------+-------+-------++-------
Melee: Headbutt          |     1 |     8 |    29 |    99 |     8 ||   145
       Long sword        |     1 |    23 |   114 |   360 |    59 ||   557
       Falchion          |       |    17 |       |       |       ||    17
Throw: Stone             |       |     3 |       |     3 |       ||     6
       Javelin           |       |       |       |    17 |     2 ||    19
       Tomahawk          |       |       |       |     5 |     8 ||    13
Invok: Heroism           |       |     1 |    10 |    15 |     2 ||    28
       Finesse           |       |       |       |    14 |     1 ||    15
  Use: Potion            |       |       |     1 |     8 |     2 ||    11
       Scroll            |       |       |       |     1 |       ||     1
  Eat: Chunk             |       |       |       |     3 |       ||     3
       Ration            |       |       |       |     2 |       ||     2
Armor: Scale mail        |       |     3 |       |       |       ||     3
       Chain mail        |       |     7 |     5 |       |       ||    12
       Plate armour      |       |       |    19 |    77 |       ||    96
       Crystal plate arm |       |       |       |    16 |     7 ||    23
Dodge: Dodged            |       |     7 |    45 |   118 |    11 ||   181
Block: Shield            |       |    12 |    88 |   179 |    14 ||   293
       Rpst.: Falchion   |       |     1 |       |       |       ||     1
       Long sword        |       |     1 |    14 |    19 |     1 ||    35

Table legend:
 A = Spawn XP
 B = Non-spawn XP
 C = Spawn XP percentage of total XP
 D = Spawn monster count
 E = Non-spawn monster count
 F = Spawn count percentage of total count
 G = Total turns spent on level
                    A         B        C        D         E        F      G
               +---------+---------+-------+---------+---------+-------+---------
         Total |       0 |   42620 |   0.0 |       0 |     153 |   0.0 |  3239
               +---------+---------+-------+---------+---------+-------+---------
             D |       0 |   42620 |   0.0 |       0 |     153 |   0.0 |  3239
               +---------+---------+-------+---------+---------+-------+---------
